 Dungeon Crawl Stone Soup version 0.27-a0-607-g1ad3dbde53 (webtiles) character file.

Game seed: 3559243438428117786

8 Johnny the Digger (level 2, -1/15 HPs)
             Began as a Deep Elf Earth Elementalist on Mar 13, 2021.
             Slain by a kobold (3 damage)
             ... on level 1 of the Dungeon.
             The game lasted 00:00:43 (92 turns).

Johnny the Digger (Deep Elf Earth Elementalist)       Turns: 92, Time: 00:00:44

Health: -1/15      AC:  2    Str:  5    XL:     2   Next: 0%
Magic:  0/8        EV: 12    Int: 19    God:
Gold:   0          SH:  0    Dex: 15    Spells: 6/7 levels left

rFire    . . .     SeeInvis .   (no weapon)
rCold    . . .     Faith    .   (no shield)
rNeg     . . .     Spirit   .   c - +0 robe
rPois    .         Reflect  .   (no helmet)
rElec    .         Harm     .   (no cloak)
rCorr    .         Rampage  .   (no gloves)
Will     .....                  (no boots)
Stlth    ++........             (no amulet)
HPRegen  0.05/turn              (no ring)
MPRegen  0.11/turn              (no ring)

@: no status effects
A: no striking features
a: no special abilities


You were on level 1 of the Dungeon.
You visited 1 branch of the dungeon, and saw 1 of its levels.

Inventory:

Missiles
 b - 19 stones
Armour
 a - a +0 pair of boots
 c - a +0 robe (worn)


   Skills:
 - Level 2.4 Dodging
 - Level 2.4 Stealth
 + Level 3.3 Spellcasting
 - Level 1.1 Transmutations
 * Level 3.7 Earth Magic


You had 6 spell levels left.
You knew the following spells:

 Your Spells              Type           Power      Damage    Failure   Level
a - Sandblast             Erth           34%        2d9       3%          1

Your spell library contained the following spells:

 Spells                   Type           Power      Damage    Failure   Level
 Passwall                 Tmut/Erth      10%        N/A       9%          2
 Stone Arrow              Conj/Erth      20%        3d8       21%         3
 Petrify                  Tmut/Erth      12%        N/A       47%         4
 Lee's Rapid Deconstruct  Erth           8%         3d8*      65%         5


Dungeon Overview and Level Annotations

Branches:
Dungeon (1/15)

Altars:


Message History

You closely miss the bat. The bat hits you.
* * * LOW HITPOINT WARNING * * *
The bat hits you but does no damage.
A kobold comes into view.
The kobold hits you but does no damage.
Casting: Sandblast (safe; 3% risk of failure)
Confirm with . or Enter, or press ? or * to list all spells.
Aiming: Sandblast (safe; 3% risk of failure)
Press: ? - help, Shift-Dir - straight line, f - kobold
Aim: a kobold, wielding a +0 club and quivering stones (26% to evade)
The blast of sand hits the kobold!
You kill the kobold!
The kobold shouts!
You hear a shout!
The bat barely misses you.
You have reached level 2!
A hobgoblin comes into view. It is wielding a +0 club.
The hobgoblin moves out of view.
Things that are here:
a +0 club; 5 stones; a kobold corpse The bat hits you.
* * * LOW HITPOINT WARNING * * *
The hobgoblin shouts!
The kobold barely misses you.
You miss the kobold. The bat hits you but does no damage.
The bat barely misses you. The kobold barely misses you.
Casting: Sandblast (safe; 3% risk of failure)
Confirm with . or Enter, or press ? or * to list all spells.
You don't have enough magic to cast this spell.
Unknown command.
You closely miss the kobold. The bat hits you but does no damage.
The bat barely misses you. The kobold hits you but does no damage.
The bat hits you.
* * * LOW HITPOINT WARNING * * *
You closely miss the kobold. The bat barely misses you.
The bat closely misses you. The kobold barely misses you.
Unknown command.
You hit the bat.
The bat is moderately wounded.
The bat hits you but does no damage. The kobold hits you.
You die...

......#...........
........)...(...
.######..#...###.
.######.........
.........#.#...
.......)##...## .
.......###..## ...
.....).....########g....
.....>##.....ggb@K......
......##############....
......# . $.....#
......# ......# ######


You could see 3 hobgoblins, a bat and a kobold.

Vanquished Creatures
  3 bats (D:1)
  A hobgoblin (D:1)
  A kobold (D:1)
  2 goblins (D:1)
7 creatures vanquished.

Vanquished Creatures (others)
  50 plants (D:1)
50 creatures vanquished.

Grand Total: 57 creatures vanquished

Notes
Turn   | Place    | Note
-------+----------+-------------------------------------------
     0 | D:1      | Johnny the Deep Elf Earth Elementalist began the quest for
                  | the Orb.
     0 | D:1      | Reached XP level 1. HP: 10/10 MP: 6/6
    86 | D:1      | Reached XP level 2. HP: 3/15 MP: 0/8
    92 | D:1      | Slain by a kobold

Illustrated notes

Levels and vault maps discovered:
D:1:      roderic_crop_circles_arrival_small, layout_rooms

Action                   || total
-------------------------++-------
Melee: Unarmed           ||    10
 Cast: Sandblast         ||    11
Armor: Robe              ||    14
Dodge: Dodged            ||    33

Table legend: (Time is in decaauts)
 A = Elapsed time spent in this place.
 B = Non-inter-level travel time spent in this place.
 C = Inter-level travel time spent in this place.
 D = Time resting spent in this place.
 E = Time spent auto-exploring this place.
 F = Levels seen in this place.
 G = Mean time per level.
                   A        B        C        D        E       F      G
               +--------+--------+--------+--------+--------+-----+--------+
         Total |     92 |     92 |      0 |      0 |      0 |   1 |   92.0 |
       Dungeon |     92 |     92 |      0 |      0 |      0 |   1 |   92.0 |
               +--------+--------+--------+--------+--------+-----+--------+

Top non-repeatable levels by time:
     D:1: 92 daAuts
